 Dungeon Crawl Stone Soup version 0.28-a0-793-g31680bbd8b (webtiles) character file.

Game seed: 6757494805153479911

299 vurker the Magician (level 6, -1/46 HPs)
             Began as a Djinni Air Elementalist on Nov 4, 2021.
             Hit by a boomerang thrown by an orc warrior (3 damage)
             ... on level 7 of the Dungeon.
             The game lasted 00:04:50 (3858 turns).

vurker the Magician (Djinni Air Elementalist)       Turns: 3858, Time: 00:04:50

Health: -1/46      AC:  3    Str:  4 (7)  XL:     6   Next: 63%
Gold:   149        EV: 12    Int: 18 (19) God:
                   SH:  0    Dex: 11 (13)

rFire   + + .      SeeInvis .   i - +0 short sword
rCold   x . .      Faith    .   (no shield)
rNeg    + . .      Spirit   .   a - +0 robe
rPois   ∞          Reflect  .   (no helmet)
rElec   .          Harm     .   (no cloak)
rCorr   .          Rampage  .   o - +0 pair of gloves
Will    .....                   (boots unavailable)
Stlth   ++........              (no amulet)
HPRegen 0.15/turn               l - ring of positive energy
MPRegen 0.00/turn               (no ring)

@: mighty, about to teleport, flying
A: sickness immunity, fire resistance 2, cold vulnerability 1, float, innate
caster, hp casting, extra vitality 1
a: no special abilities


You were on level 7 of the Dungeon.
You visited 1 branch of the dungeon, and saw 5 of its levels.

You collected 149 gold pieces.

Inventory:

Hand Weapons
 i - a +0 short sword (weapon)
   (You took it off a kobold on level 1 of the Dungeon)
Armour
 a - a +0 robe (worn)
 o - a +0 pair of gloves (worn)
   (You found it on level 3 of the Dungeon)
Magical Staves
 p - a staff of death
   (You found it on level 3 of the Dungeon)
Jewellery
 l - a ring of positive energy (left hand)
   (You found it on level 2 of the Dungeon)
Wands
 u - a wand of paralysis (6)
   (You found it on level 3 of the Dungeon)
Scrolls
 c - 5 scrolls of identify {unknown}
 d - a scroll of enchant weapon {unknown}
 e - a scroll of teleportation
 f - a scroll of brand weapon {unknown}
 g - a scroll of blinking {unknown}
Potions
 b - a potion of berserk rage {unknown}
 n - a potion of brilliance {unknown}


   Skills:
 + Level 3.2 Fighting
 - Level 2.1 Dodging
 - Level 1.5 Stealth
 * Level 4.6 Spellcasting


You had one spell level left.
You knew the following spells:

 Your Spells              Type           Power      Damage    Failure   Level
a - Shock                 Conj/Air       80%        1d8       1%          1
b - Ensorcelled Hibernat  Hex/Ice        40%        N/A       3%          2
c - Airstrike             Air            10%        N/A       21%         4
m - Swiftness             Air            20%        N/A       6%          3
n - Static Discharge      Conj/Air       20%        N/A       3%          2
p - Apportation           Tloc           40%        N/A       1%          1
Your spell library was empty.

Dungeon Overview and Level Annotations

Branches:
Dungeon (4/15)
 Temple: D:4-7

Altars:


Innate Abilities, Weirdness & Mutations

You are immune to sickness and miasma.
You are immune to poison.
Your flesh is very heat resistant. (rF++)
You are vulnerable to cold. (rC-)
You float through the air rather than walking.
You learn spells naturally, not from books.
Your magical power is your life essence.
You have superior vitality. (+4 HP)


Message History

Found a ring mail and 12 gold pieces.
Found 22 sling bullets. 2 orcs, an orc warrior, an orc priest and an orc wizard come into view.
The orc warrior shouts!
The orc shouts! x2
You see here 12 gold pieces.
That beam is likely to hit you.
Continue anyway?
Okay, then.
The orc wizard casts a spell at you.
You are confused.
You're too confused to move!
The orc priest closely misses you.
It was a potion of heal wounds.
You feel much better.
It was a potion of might.
You feel very mighty all of a sudden. The orc priest barely misses you.
It was a potion of degeneration.
There was something very wrong with that liquid.
You feel weakened.
You feel dopey.
You feel clumsy.
The orc warrior hits you with a +0 long sword.
The orc wizard hits you with a +0 dagger.
The orc priest hits you with a +0 hand axe.
It was a potion of curing.
You feel better. The orc warrior barely misses you.
The orc wizard gestures at you while chanting.
The magic dart hits you! The orc priest barely misses you.
The orc wizard casts a spell.
The orc wizard flickers and vanishes!
Deactivating autopickup; reactivate with Ctrl-A.
The orc priest closely misses you. That beam is likely to hit you.
Continue anyway? [Y]es or [N]o only, please.
That beam is likely to hit you.
Continue anyway?
Okay, then.
The orc priest mumbles some strange prayers to Beogh against you.
Beogh smites you!
Aim: an orc warrior, wielding a +0 long sword, wearing a +0 plate armour and quivering boomerangs (71% to hit)
The zap hits the orc warrior.
* * * LOW HITPOINT WARNING * * *
The orc warrior hits you with a +0 long sword!
* * * LOW HITPOINT WARNING * * *
You feel much better.
The orc warrior hits you with a +0 long sword!
Aim: an orc warrior, wielding a +0 long sword, wearing a +0 plate armour and quivering boomerangs (lightly wounded, 71% to hit)
The zap hits the orc warrior!
The zap hits the orc priest!
The orc warrior hits you with a +0 long sword!!
* * * LOW HITPOINT WARNING * * *
As you read the scroll labelled VIOCIR HUURI, it crumbles to dust.
You feel strangely unstable.
It was a scroll of teleportation.
The orc warrior hits you with a +0 long sword!
* * * LOW HITPOINT WARNING * * *
The orc warrior throws a boomerang.
The boomerang hits you.
You die...

##....o ...##
##..... ###....#
##.....####......##
#..(..$.#.#.......#
##..###....o.......
# #...#{...##..
....####o#..# .
..#.. #.##[.....
.... #@.##.....
##... #.........
#..# #...........
..........###....
........# .#.
.#......# #
#....... .........
#....####


You could see an orc warrior and an orc.

Vanquished Creatures
  2 ogres (D:4)
  A hound (D:3)
  An iguana (D:4)
  An adder (D:2)
  A dart slug (D:2)
  2 orcs
  7 ball pythons
  7 endoplasms
  2 giant cockroaches
  7 goblins
  3 hobgoblins
  4 jackals (D:1)
  4 quokkas
  6 bats
  2 frilled lizards (D:1)
  3 kobolds (D:1)
  5 rats (D:1)
58 creatures vanquished.

Vanquished Creatures (others)
  12 plants
12 creatures vanquished.

Grand Total: 70 creatures vanquished

Notes
Turn   | Place    | Note
-------+----------+-------------------------------------------
     0 | D:1      | vurker the Djinni Air Elementalist began the quest for the
                  | Orb.
     0 | D:1      | Reached XP level 1. HP: 15/15 MP: 0/0
   271 | D:1      | Reached XP level 2. HP: 14/22 MP: 0/0
   577 | D:1      | Reached skill level 1 in Fighting
   794 | D:1      | Reached XP level 3. HP: 24/27 MP: 0/0
   794 | D:1      | Learned a level 1 spell: Apportation
   839 | D:1      | Reached skill level 3 in Spellcasting
  1470 | D:1      | Found a faded altar of an unknown god.
  1930 | D:2      | Reached XP level 4. HP: 25/32 MP: 0/0
  3127 | D:3      | Reached XP level 5. HP: 34/38 MP: 0/0
  3127 | D:3      | Learned a level 2 spell: Ensorcelled Hibernation
  3563 | D:4      | Noticed an ogre
  3563 | D:4      | Noticed an ogre
  3592 | D:4      | Killed an ogre
  3593 | D:4      | Reached skill level 4 in Spellcasting
  3593 | D:4      | Reached XP level 6. HP: 41/45 MP: 0/0
  3600 | D:4      | Killed an ogre
  3830 | D:4      | You are sucked into a shaft and drop 3 floors!
  3841 | D:7      | Noticed an orc warrior
  3857 | D:7      | HP: 2/46 [orc warrior (7)]
  3858 | D:7      | Hit by a boomerang thrown by an orc warrior

Illustrated notes

Levels and vault maps discovered:
D:1:      dpeg_arrival_long_road, layout_loops_corners,
          shapermc_ecumenical_altar_mp_vishouse, serial_bayou_pond_c
D:2:      layout_basic
D:3:      layout_basic, chequers_hall_statues_y
D:4:      layout_layer_cave, minmay_temple_entry_fiery, gammafunk_ghost_grave,
          glass_columns_c, kennysheep_flooded_box, grunt_ministairs_1,
          minmay_lizard_king
D:7:      layout_cave_pools

Skill      XL: |  1  2  3  4  5  6 |
---------------+-------------------+-----
Fighting       | 1 2 3 |  3.2
Spellcasting   | 3 4 |  4.6
Dodging        | |  2.1
Stealth        | |  1.5

Action                   |  1- 3 |  4- 6 || total
-------------------------+-------+-------++-------
 Cast: Shock             |    73 |    56 ||   129
  Use: Potion            |       |     5 ||     5
       Scroll            |       |     1 ||     1
Armor: Robe              |     1 |       ||     1
Dodge: Dodged            |     8 |    13 ||    21

Table legend: (Time is in decaauts)
 A = Elapsed time spent in this place.
 B = Non-inter-level travel time spent in this place.
 C = Inter-level travel time spent in this place.
 D = Time resting spent in this place.
 E = Time spent auto-exploring this place.
 F = Levels seen in this place.
 G = Mean time per level.
                   A        B        C        D        E       F      G
               +--------+--------+--------+--------+--------+-----+--------+
         Total |   3856 |   3782 |     74 |    194 |   3228 |   5 |  771.2 |
       Dungeon |   3856 |   3782 |     74 |    194 |   3228 |   5 |  771.2 |
               +--------+--------+--------+--------+--------+-----+--------+

Top non-repeatable levels by time:
     D:1: 1675 daAuts
     D:3: 1063 daAuts
     D:2: 908 daAuts
     D:4: 182 daAuts
     D:7: 27 daAuts
